Map: Orbital Shipyard

Players

TomikuS - Winner!

  • Race: Zerg Zerg
  • League: Grandmaster

Loumpus

  • Race: Terran Terran
  • League: Diamond

Event: Gauntlet LotV Series 1 Qualifier 2

VOD

Have the link to the VOD?

Description

Time

  • Played on: Dec. 5, 2015, 1:15 p.m.
  • Length: 5:21

All games in this series

Show
View Real Time Build Order
Export as new Build Order

TomikuS Zerg - Winner!

Build Orders: Hatch First, Zergling Baneling 

Get SALT Encoding   

  12  0:01  Drone  
  13  0:13  Overlord  
  13  0:17  Drone  
  14  0:31  Drone x2  
  16  0:36  Drone  
  17  0:52  Hatchery  
  17  0:56  Drone  
  17  0:58  Drone  
  18  1:09  Drone  
  19  1:16  Spawning Pool  
  19  1:18  Drone  
  19  1:23  Extractor  
  18  1:28  Drone  
  19  1:39  Overlord  
  19  1:51  Drone  
  20  2:01  Drone  
  20  2:03  Queen  
  20  2:04  Queen, Zergling x2  
  26  2:19  Zergling x2  
  26  2:20  Zergling x2  
  28  2:28  Metabolic Boost  
  27  2:32  Drone x2  
  29  2:41  Queen  
  31  2:50  Overlord  
  30  2:51  Drone x2  
  30  2:52  Drone  
  30  2:56  Zergling x2  
  34  3:05  Zergling x2  
  35  3:08  Queen  
  37  3:21  Drone x6  
  37  3:22  Overlord  
  43  3:28  Baneling Nest  
  42  3:38  Overlord  
  42  3:41  Extractor  
  42  3:42  Drone  
  42  3:43  Drone x2  
  42  3:44  Zergling x2  
  45  3:56  Zergling x4  
  45  3:57  Zergling x6  
  50  4:14  Zergling x4  
  51  4:27  Zergling x6  
  51  4:29  Overlord  
  54  4:31  Zergling x2  
  54  4:32  Zergling x8  
  59  4:42  Baneling x5  
  59  4:43  Baneling x7  
  59  4:44  Overlord  
  59  4:50  Zergling x6  
  62  4:56  Zergling x2  
Show
View Real Time Build Order
Export as new Build Order

Loumpus Terran 

Build Orders:  

Get SALT Encoding   

  12  0:01  SCV  
  13  0:13  SCV  
  14  0:19  Supply Depot  
  14  0:25  SCV  
  15  0:30  Refinery  
  15  0:40  SCV  
  16  0:45  Barracks  
  16  0:52  SCV  
  17  1:04  SCV  
  18  1:16  Barracks  
  18  1:17  SCV  
  19  1:33  Supply Depot  
  19  1:34  Reaper  
  19  1:37  Orbital Command  
  20  1:47  Bunker  
  20  2:01  Barracks  
  20  2:03  Reaper  
  20  2:06  Reaper  
  22  2:24  SCV  
  23  2:35  Reaper  
  23  2:36  SCV  
  25  2:38  Reaper  
  27  2:51  Reaper  
  27  3:05  Command Center  
  27  3:09  SCV  
  28  3:17  Reaper  
  28  3:21  SCV  
  29  3:29  Marine  
  31  3:39  Refinery  
  31  3:41  Supply Depot  
  31  3:59  SCV, Barracks Reactor  
  31  4:03  Barracks Tech Lab  
  31  4:11  SCV  
  31  4:14  Command Center  
  32  4:19  Factory  
  32  4:23  SCV  
  31  4:25  Barracks Reactor  
  27  4:33  Marine  
  27  4:35  Marine  
  27  4:36  Marine  
  27  4:37  Orbital Command  
  30  4:41  SCV  
  31  4:53  SCV, Marine x2  
  31  4:54  Marine  
  35  5:02  SCV  
Tags
 
Add a new tag
Caveats
  • Supply blocks, unpowered buildings, or Contaminate may cause inaccurate times.
  • Supply counts are checked every 10 seconds.